 Dungeon Crawl Stone Soup version 0.28.0-43-g3370ac3207 (webtiles) character file.

Game seed: 4182434255119373873

1437 DearestLeader the Thaumaturge (level 8, -4/61 HPs)
             Began as a Gnoll Wanderer on Feb 28, 2022.
             Was an Initiate of Makhleb.
             Slain by a two-headed ogre
             ... wielding a +0 giant club
              (6 damage)
             ... on level 6 of the Dungeon.
             The game lasted 00:15:23 (7946 turns).

DearestLeader the Thaumaturge (Gnoll Wanderer)      Turns: 7946, Time: 00:15:23

Health: -4/61      AC:  7    Str: 10    XL:     8   Next: 74%
Magic:  20/20      EV: 13    Int: 13    God:    Makhleb [......]
Gold:   255        SH:  0    Dex: 20    Spells: 17/23 levels left

rFire   . . .      SeeInvis .   r - +0 dagger (venom)
rCold   + . .      Faith    .   (no shield)
rNeg    . . .      Spirit   .   g - +3 leather armour {rPois}
rPois   +          Reflect  .   (no helmet)
rElec   .          Harm     .   (no cloak)
rCorr   .          Rampage  .   (no gloves)
Will    .....                   x - +0 pair of boots
Stlth   +++.......              (no amulet)
HPRegen 0.20/turn               o - ring of protection from cold
MPRegen 0.17/turn               E - +6 ring of dexterity

@: no status effects
A: fangs 1, strong nose, distributed training
a: Renounce Religion


You were on level 6 of the Dungeon.
You worshipped Makhleb.
Makhleb was noncommittal.
You visited 2 branches of the dungeon, and saw 7 of its levels.
You also visited: Sewer.

You collected 255 gold pieces.

Inventory:

Hand Weapons
 e - a +0 vampiric short sword
 r - a +0 dagger of venom (weapon)
 s - a +1 dagger of protection
 z - a +1 flail of draining
Missiles
 b - 7 boomerangs
 d - 52 stones (quivered)
 j - 15 poisoned darts
 l - 8 atropa-tipped darts
Armour
 g - a +3 leather armour of poison resistance (worn)
 x - a +0 pair of boots (worn)
Jewellery
 o - a ring of protection from cold (left hand)
 C - a ring of poison resistance
 E - a +6 ring of dexterity (right hand)
Wands
 t - a wand of digging (7)
Scrolls
 a - a scroll of summoning {unknown}
 f - 3 scrolls of identify
 i - a scroll of fear
 u - a scroll of fog {unknown}
 v - 2 scrolls of teleportation {unknown}
 w - a scroll of brand weapon {unknown}
 y - 2 scrolls of enchant armour {unknown}
 A - a scroll of vulnerability {unknown}
Potions
 c - a potion of lignification
 h - 3 potions of attraction {unknown}
 k - a potion of haste {unknown}
 m - a potion of cancellation {unknown}
 n - a potion of mutation {unknown}
 p - a potion of magic {unknown}
 q - 2 potions of might {unknown}
 B - a potion of degeneration {unknown}
 D - a potion of curing


   Skills:
 + Level 4.4 Fighting
 + Level 3.5 Short Blades
 + Level 3.5 Long Blades
 + Level 3.5 Axes
 + Level 3.5 Maces & Flails
 + Level 3.5 Polearms
 + Level 3.5 Staves
 + Level 3.5 Slings
 + Level 3.5 Bows
 + Level 3.5 Crossbows
 + Level 4.4 Throwing
 + Level 3.5 Armour
 + Level 3.5 Dodging
 + Level 5.5 Stealth
 + Level 3.5 Shields
 + Level 5.8 Unarmed Combat
 + Level 8.0 Spellcasting
 + Level 2.9 Conjurations
 + Level 2.9 Hexes
 + Level 2.9 Summonings
 + Level 2.9 Necromancy
 + Level 2.9 Translocations
 + Level 2.9 Transmutations
 + Level 2.9 Fire Magic
 + Level 2.9 Ice Magic
 + Level 2.9 Air Magic
 + Level 2.9 Earth Magic
 + Level 2.9 Poison Magic
 + Level 3.9 Invocations
 + Level 3.5 Evocations


You had 17 spell levels left.
You knew the following spells:

 Your Spells              Type           Power      Damage    Failure   Level
a - Sandblast             Erth           24%        2d8       5%          1
b - Call Imp              Summ           12%        N/A       9%          2
c - Vampiric Draining     Necr           12%        2d6       16%         3

Your spell library contained the following spells:

 Spells                   Type           Power      Damage    Failure   Level
 Beastly Appendage        Tmut           24%        N/A       5%          1
 Wereblood                Tmut           12%        N/A       9%          2
 Gell's Gravitas          Tloc           12%        N/A       16%         3
 Ignite Poison            Fire/Tmut/Pois 12%        N/A       16%         3
 Lesser Beckoning         Tloc           12%        N/A       16%         3
 Spider Form              Tmut/Pois      12%        N/A       16%         3
 Stone Arrow              Conj/Erth      24%        3d8       16%         3
 Teleport Other           Tloc           12%        N/A       16%         3
 Animate Armour           Summ/Erth      24%        N/A       47%         4
 Passage of Golubria      Tloc           12%        N/A       47%         4
 Silence                  Hex/Air        6%         N/A       83%         5
 Lehudib's Crystal Spear  Conj/Erth      6%         10d3      100%        8


Dungeon Overview and Level Annotations

Branches:
Dungeon (6/15)             Temple (1/1) D:5           Sewer (visited)

Altars:
Cheibriados
Dithmenos
Elyvilon
Fedhas
Gozag
Hepliaklqana
Kikubaaqudgha
Makhleb
Nemelex Xobeh
Okawaru
Qazlal
Ru
Sif Muna
Trog
Uskayaw
Vehumet
Wu Jian
Xom
Yredelemnul
Zin
The Shining One


Innate Abilities, Weirdness & Mutations

You have very sharp teeth.
Your uncanny sense of smell can sniff out nearby items.
Your experience applies equally to all skills.


Message History

You hit something. Something hits you but does no damage.
You hit something but do no damage. You bite something. You hit something.
Makhleb accepts your kill.
Reactivating autopickup.
You feel a bit more experienced.
Things that are here:
a +0 dagger; a +0 robe
Things that are here:
a +0 long sword; a +0 plate armour
Things that are here:
a +0 mace; a +0 leather armour; an orc corpse
Things that are here:
a +3 whip; a +0 leather armour HP restored.
Things that are here:
a +3 whip; a +0 leather armour
Things that are here:
a +0 long sword; a +0 plate armour
Things that are here:
a +0 dagger; a +0 robe
Things that are here:
a +0 dagger; a +0 robe
Things that are here:
a +0 mace; a +0 leather armour; an orc corpse
Found a stone staircase leading down.
Found a mace.
You see here a +0 mace.
A two-headed ogre comes into view. It is wielding two +0 giant clubs.
The two-headed ogre shouts in stereo!
The two-headed ogre hits you with a +0 giant club!! x2
You are too injured to fight recklessly!
You are too injured to fight recklessly!
You are too injured to fight recklessly!
You hit the two-headed ogre but do no damage.
The two-headed ogre is poisoned.
The two-headed ogre hits you with a +0 giant club!!
* * * LOW HITPOINT WARNING * * *
The two-headed ogre hits you with a +0 giant club.
You die...

.........#.#
#.##...#.##.#
#.#....#.##.#
#.#......##.#
#.#.####.##.#####
#.#......#..#...#
#.#####.##.##.#.#
#O# #.##.#..#.#
#@# #)##.#)##.#
#.#####.#..))<#.#
#.....#.###)###.#
#####.#.# #)....#
#.#.# #######
#.#.# #...# #####


You could see a two-headed ogre (very poisoned).

Vanquished Creatures
  An unseen horror (D:5)
  An orc warrior (D:6)
  An ice beast (D:5)
  An ogre (D:5)
  A black bear (D:5)
  2 phantoms (D:5)
  2 kobold brigands (Sewer)
  A scorpion (D:5)
  A bullfrog zombie (D:5)
  2 orc priests (D:4)
  2 hounds (D:5)
  3 iguanas (D:5)
  An orc wizard (D:6)
  5 adders
  4 river rats (Sewer)
  An ufetubus (D:5)
  An adder skeleton (D:4)
  6 worms
  2 dart slugs
  11 orcs
  8 endoplasms
  3 giant cockroaches
  7 goblins
  4 hobgoblins
  12 kobolds
  2 quokkas
  15 ball pythons
  8 bats
  5 frilled lizards
  A jackal skeleton (D:4)
  5 rats
119 creatures vanquished.

Notes
Turn   | Place    | Note
-------+----------+-------------------------------------------
     0 | D:1      | DearestLeader the Gnoll Wanderer began the quest for the
                  | Orb.
     0 | D:1      | DearestLeader set off with the following items: a +0
                  | dagger, 7 boomerangs, a potion of lignification, 33 stones,
                  | a +0 robe; and the following spell memorised: Sandblast;
                  | and the following spells available to memorise: Call Imp,
                  | Ignite Poison, Vampiric Draining
     0 | D:1      | Reached XP level 1. HP: 17/17 MP: 8/8
   226 | D:1      | Reached XP level 2. HP: 19/23 MP: 0/10
   351 | D:1      | You fall into a shaft and drop 1 floor!
  1238 | D:1      | Reached XP level 3. HP: 28/28 MP: 11/11
  1261 | D:1      | Learned a level 2 spell: Call Imp
  1265 | D:1      | Learned a level 3 spell: Vampiric Draining
  1375 | D:1      | Found a faded altar of an unknown god.
  1932 | D:2      | Reached skill level 1 in Invocations
  2526 | D:3      | Reached skill level 1 in Short Blades
  2526 | D:3      | Reached skill level 1 in Long Blades
  2526 | D:3      | Reached skill level 1 in Axes
  2526 | D:3      | Reached skill level 1 in Maces & Flails
  2526 | D:3      | Reached skill level 1 in Polearms
  2526 | D:3      | Reached skill level 1 in Staves
  2526 | D:3      | Reached skill level 1 in Slings
  2526 | D:3      | Reached skill level 1 in Bows
  2526 | D:3      | Reached skill level 1 in Crossbows
  2526 | D:3      | Reached skill level 1 in Armour
  2526 | D:3      | Reached skill level 1 in Dodging
  2526 | D:3      | Reached skill level 1 in Shields
  2526 | D:3      | Reached skill level 1 in Evocations
  2879 | D:3      | Reached XP level 4. HP: 32/34 MP: 4/13
  3544 | D:4      | Reached skill level 1 in Conjurations
  3544 | D:4      | Reached skill level 1 in Hexes
  3544 | D:4      | Reached skill level 1 in Summonings
  3544 | D:4      | Reached skill level 1 in Necromancy
  3544 | D:4      | Reached skill level 1 in Translocations
  3544 | D:4      | Reached skill level 1 in Transmutations
  3544 | D:4      | Reached skill level 1 in Fire Magic
  3544 | D:4      | Reached skill level 1 in Ice Magic
  3544 | D:4      | Reached skill level 1 in Air Magic
  3544 | D:4      | Reached skill level 1 in Earth Magic
  3544 | D:4      | Reached skill level 1 in Poison Magic
  3548 | D:4      | Reached XP level 5. HP: 38/40 MP: 14/14
  3679 | D:4      | Found a glowing drain.
  3714 | Sewer    | Entered a sewer
  4287 | Sewer    | Noticed a kobold brigand
  4307 | Sewer    | Killed a kobold brigand
  4308 | Sewer    | Reached XP level 6. HP: 10/47 MP: 16/16
  4672 | Sewer    | Reached skill level 5 in Unarmed Combat
  6149 | D:5      | Entered Level 5 of the Dungeon
  6214 | D:5      | Reached XP level 7. HP: 22/52 MP: 6/18
  6436 | D:5      | Killed an unseen horror
  6437 | D:5      | Reached skill level 5 in Stealth
  6717 | D:5      | Reached XP level 8. HP: 55/60 MP: 13/19
  7276 | D:5      | Found a staircase to the Ecumenical Temple.
  7283 | Temple   | Entered the Ecumenical Temple
  7334 | Temple   | Became a worshipper of Makhleb the Destroyer
  7712 | D:5      | Reached skill level 8 in Spellcasting
  7943 | D:6      | Noticed a two-headed ogre
  7946 | D:6      | HP: 2/61 [two-headed ogre/+0 giant club (23)]
  7946 | D:6      | Slain by a two-headed ogre

Illustrated notes

Levels and vault maps discovered:
D:1:      dpeg_arrival_pits, layout_loops_cross, basic_ecumenical_altar
D:2:      layout_basic
D:3:      layout_loops_ring, chequers_serial_rivers_micro_c,
          guppyfry_early_orc_mine
D:4:      layout_basic, portal_sewer_entry_b, serial_rivers,
          chequers_serial_rivers_micro_b, chequers_serial_rivers_micro_d,
          chequers_serial_rivers_large_b, chequers_serial_rivers_micro_c,
          chequers_serial_rivers_micro_c, chequers_serial_rivers_micro_b,
          kennysheep_generic_room_13
D:5:      layout_rooms, minmay_temple_entry_wispy
D:6:      minmay_angry_zag, layout_basic
Temple:   grunt_wide_crystal_templ

Skill      XL: |  1  2  3  4  5  6  7  8 |
---------------+-------------------------+-----
Invocations    | 1 2 3 |  3.9
Short Blades   | 1 2 3 |  3.5
Long Blades    | 1 2 3 |  3.5
Axes           | 1 2 3 |  3.5
Maces & Flails | 1 2 3 |  3.5
Polearms       | 1 2 3 |  3.5
Staves         | 1 2 3 |  3.5
Slings         | 1 2 3 |  3.5
Bows           | 1 2 3 |  3.5
Crossbows      | 1 2 3 |  3.5
Armour         | 1 2 3 |  3.5
Dodging        | 1 2 3 |  3.5
Shields        | 1 2 3 |  3.5
Evocations     | 1 2 3 |  3.5
Conjurations   | 1 2 |  2.9
Hexes          | 1 2 |  2.9
Summonings     | 1 2 |  2.9
Necromancy     | 1 2 |  2.9
Translocations | 1 2 |  2.9
Transmutations | 1 2 |  2.9
Fire Magic     | 1 2 |  2.9
Ice Magic      | 1 2 |  2.9
Air Magic      | 1 2 |  2.9
Earth Magic    | 1 2 |  2.9
Poison Magic   | 1 2 |  2.9
Fighting       | 3 4 |  4.4
Throwing       | 3 4 |  4.4
Unarmed Combat | 5 |  5.8
Stealth        | 5 |  5.5
Spellcasting   | 8 |  8.0

Action                   |  1- 3 |  4- 6 |  7- 9 || total
-------------------------+-------+-------+-------++-------
Melee: Dagger            |   149 |   271 |   115 ||   535
       Bite              |    15 |    26 |    11 ||    52
       Punch             |     3 |     7 |    10 ||    20
 Cast: Sandblast         |    39 |    31 |     6 ||    76
       Vampiric Draining |       |       |     6 ||     6
  Use: Scroll            |     2 |     3 |       ||     5
       Potion            |       |     1 |     3 ||     4
 Stab: Sleeping          |     7 |     8 |     4 ||    19
Armor: Robe              |     9 |       |       ||     9
       Leather armour    |    77 |    75 |    45 ||   197
       Skin              |       |       |    31 ||    31
Dodge: Dodged            |   100 |   137 |    60 ||   297
